 Dungeon Crawl Stone Soup version 0.28-a0-1117-g0bdd5ba030 (webtiles) character file.

Game seed: 13446919250680925693

25 fragbeetle the Insei (level 3, -1/26 HPs)
             Began as a Merfolk Transmuter on Dec 11, 2021.
             Slain by an adder (2 damage)
             ... on level 2 of the Dungeon.
             The game lasted 00:03:00 (939 turns).

fragbeetle the Insei (Merfolk Transmuter)            Turns: 939, Time: 00:03:00

Health: -1/26      AC:  2    Str: 12    XL:     3   Next: 6%
Magic:  4/6        EV: 13    Int: 12    God:
Gold:   53         SH:  0    Dex: 14    Spells: 2/6 levels left

rFire   . . .      SeeInvis .     - Unarmed
rCold   . . .      Faith    .   (no shield)
rNeg    . . .      Spirit   .   a - +0 robe
rPois   .          Reflect  .   (helmet currently unavailable)
rElec   .          Harm     .   (no cloak)
rCorr   .          Rampage  .   (no gloves)
Will    .....                   (boots currently unavailable)
Stlth   +.........              (no amulet)
HPRegen 0.08/turn               (no ring)
MPRegen 0.10/turn               (no ring)

@: lethally poisoned (-1 -> -6), appendages (expiring), very slightly
contaminated
A: horns 2, (nimble swimmer 2), mertail
a: End Transformation


You were on level 2 of the Dungeon.
You had temporarily grown beastly horns.
You visited 1 branch of the dungeon, and saw 2 of its levels.

You collected 53 gold pieces.

Inventory:

Armour
 a - a +0 robe (worn)
Scrolls
 c - a scroll of noise {unknown}
 d - a scroll of identify {unknown}
 e - a scroll of fog {unknown}
 f - a scroll of torment {unknown}
Potions
 b - a potion of cancellation {unknown}
 g - a potion of brilliance {unknown}


   Skills:
 * Level 1.4 Fighting
 * Level 3.1 Dodging
 - Level 0.2 Stealth
 + Level 3.7 Unarmed Combat
 + Level 2.1 Spellcasting
 * Level 3.3 Transmutations


You had 2 spell levels left.
You knew the following spells:

 Your Spells              Type           Power      Damage    Failure   Level
a - Beastly Appendage     Tmut           18%        N/A       7%          1
b - Spider Form           Tmut/Pois      5%         N/A       38%         3

Your spell library contained the following spells:

 Spells                   Type           Power      Damage    Failure   Level
 Wereblood                Tmut           9%         N/A       11%         2
 Ensorcelled Hibernation  Hex/Ice        2%         N/A       38%         2
 Ignite Poison            Fire/Tmut/Pois 3%         N/A       45%         3
 Mephitic Cloud           Conj/Pois/Air  1%         N/A       63%         3
 Tukima's Dance           Hex            1%         N/A       63%         3
 Ice Form                 Ice/Tmut       5%         N/A       80%         4
 Freezing Cloud           Conj/Ice/Air   0%         6-21      100%        5
 Summon Forest            Summ/Tloc      0%         N/A       100%        5
 Eringya's Noxious Bog    Tmut/Pois      2%         N/A       100%        6
 Summon Hydra             Summ           0%         N/A       100%        7


Dungeon Overview and Level Annotations

Branches:
Dungeon (2/15)

Altars:

Annotations:
D:2 Terence


Innate Abilities, Weirdness & Mutations

You have temporarily grown beastly horns.
((You are quick and stealthy near water. (Stealth+, EV+, Speed+++)))
Your lower body shifts to a powerful aquatic tail in water.


Message History

You climb downwards.
There is a stone staircase leading up here.
There is a stone staircase leading down here.
g - a puce potion Terence the Incautious comes into view.
He is wielding a +0 trident.
An adder comes into view.
The adder hisses angrily.
Casting: Beastly Appendage (safe; 7% risk of failure)
Confirm with . or Enter, or press ? or * to list all spells.
You miscast Beastly Appendage.
You are very lightly contaminated with residual magic.
Nothing appears to happen.
The adder bites you.
You are poisoned.
The adder poisons you!
Casting: Beastly Appendage (safe; 7% risk of failure)
Confirm with . or Enter, or press ? or * to list all spells.
You grow a pair of large bovine horns.
You feel sick. The adder misses you. The adder bites you.
You miss the adder.
You feel sick. The adder bites you.
You are more poisoned.
The adder poisons you!
You closely miss the adder.
You feel sick. The adder bites you.
* * * LOW HITPOINT WARNING * * *
You are lethally poisoned!
The adder poisons you!
You barely miss the adder.
* * * LOW HITPOINT WARNING * * *
You feel sick. The adder closely misses you.
You barely miss the adder. Your headbutt misses the adder.
* * * LOW HITPOINT WARNING * * *
You feel sick. The adder closely misses you. The adder barely misses you.
You miss the adder. Your headbutt misses the adder.
Your transformation is almost over.
* * * LOW HITPOINT WARNING * * *
You feel sick. The adder closely misses you.
You hit the adder.
The adder is severely wounded.
* * * LOW HITPOINT WARNING * * *
You feel sick. The adder bites you.
You die...

##.....>.......#
####.####...##
..[###########.#
#.####.### ..
#.# #......# #.#
######## #.#
.######.####
...........#
....####S#.# ..
#...@.# #.#.###
#.#.# @.......#
...##.### #. #


You could see an adder.

Vanquished Creatures
  A dart slug (D:2)
  A ball python (D:1)
  2 bats (D:1)
  6 endoplasms
  A giant cockroach (D:1)
  4 goblins (D:1)
  2 hobgoblins
  A kobold (D:1)
  A rat (D:2)
19 creatures vanquished.

Notes
Turn   | Place    | Note
-------+----------+-------------------------------------------
     0 | D:1      | fragbeetle the Merfolk Transmuter began the quest for the
                  | Orb.
     0 | D:1      | Reached XP level 1. HP: 15/15 MP: 3/3
   178 | D:1      | Reached XP level 2. HP: 21/21 MP: 3/5
   203 | D:1      | You fall into a shaft and drop 1 floor!
   698 | D:1      | Reached XP level 3. HP: 23/26 MP: 4/6
   705 | D:1      | Learned a level 3 spell: Spider Form
   929 | D:2      | Noticed Terence
   939 | D:2      | HP: 1/26 [poisoned by an adder]
   939 | D:2      | Slain by an adder

Illustrated notes

Levels and vault maps discovered:
D:1:      dpeg_arrival_shelter, layout_rooms, corexii_item_surrounded_by_moat
D:2:      layout_loops_cross, uniq_terence

Skill      XL: |  1  2 |
---------------+-------+-----
Dodging        | 3 |  3.1
Transmutations | 3 |  3.3
Fighting       | |  1.4
Stealth        | |  0.2
Unarmed Combat | |  3.7
Spellcasting   | |  2.1

Action                   || total
-------------------------++-------
Melee: Unarmed           ||    56
       Headbutt          ||     7
 Cast: Beastly Appendage ||    15
 Stab: Sleeping          ||     1
Armor: Robe              ||     7
Dodge: Dodged            ||    23

Table legend: (Time is in decaauts)
 A = Elapsed time spent in this place.
 B = Non-inter-level travel time spent in this place.
 C = Inter-level travel time spent in this place.
 D = Time resting spent in this place.
 E = Time spent auto-exploring this place.
 F = Levels seen in this place.
 G = Mean time per level.
                   A        B        C        D        E       F      G
               +--------+--------+--------+--------+--------+-----+--------+
         Total |    935 |    935 |      0 |     74 |    517 |   2 |  467.5 |
       Dungeon |    935 |    935 |      0 |     74 |    517 |   2 |  467.5 |
               +--------+--------+--------+--------+--------+-----+--------+

Top non-repeatable levels by time:
     D:1: 611 daAuts
     D:2: 323 daAuts
